Map: Acropolis LE

Players

Smeeeger - Winner!

  • Race: Zerg Zerg
  • League: Platinum
  • Spawn Location: 5:00

VOD

Have the link to the VOD?

Description

Time

  • Played on: July 14, 2019, 12:39 p.m.
  • Length: 8:29
Show
View Real Time Build Order
Export as new Build Order

Smeeeger Zerg - Winner!

Build Orders: Hatch First 

Get SALT Encoding   

  12  0:03  Drone  
  12  0:13  Overlord  
  12  0:21  Drone  
  12  0:32  Drone x2  
  12  0:39  Drone  
  12  0:53  Hatchery  
  12  0:56  Drone  
  12  1:10  Spawning Pool  
  12  1:12  Drone  
  12  1:23  Drone x2  
  12  1:27  Extractor  
  12  1:31  Drone  
  12  1:46  Overlord  
  12  1:58  Queen  
  12  2:02  Zergling x2  
  12  2:04  Zergling x2  
  12  2:06  Queen  
  12  2:07  Zergling x2  
  12  2:16  Drone x2  
  12  2:26  Drone  
  12  2:28  Drone  
  12  2:38  Drone x2  
  12  2:41  Metabolic Boost  
  12  2:42  Queen  
  12  2:50  Drone x2  
  12  2:55  Overlord  
  12  2:58  Overlord  
  12  3:14  Drone x3  
  12  3:19  Drone  
  12  3:24  Hatchery  
  12  3:33  Drone x3  
  12  3:40  Overlord  
  12  3:42  Drone  
  12  3:43  Drone x3  
  12  3:50  Drone  
  12  3:52  Drone  
  12  3:57  Extractor x2  
  12  3:59  Drone  
  12  4:05  Drone  
  12  4:13  Drone  
  12  4:14  Drone x2  
  12  4:15  Drone x3, Roach Warren  
  12  4:16  Evolution Chamber  
  12  4:25  Lair  
  12  4:43  Drone x4, Queen  
  12  4:54  Drone x3  
  12  4:55  Overlord x3  
  12  4:56  Overlord  
  12  4:58  Zerg Missile Weapons Level 1  
  12  4:59  Drone x2  
  12  5:00  Drone x2  
  12  5:05  Extractor  
  12  5:17  Drone x4  
  12  5:18  Drone x2  
  12  5:29  Hatchery  
  12  5:34  Overlord x2  
  12  5:37  Hydralisk Den  
  12  5:58  Drone x4  
  12  5:59  Drone  
  12  6:03  Roach x6  
  12  6:07  Muscular Augments  
  12  6:09  Glial Reconstitution  
  12  6:14  Extractor x2  
  12  6:22  Drone x4  
  12  6:23  Drone x2  
  12  6:25  Drone x3  
  12  6:26  Drone x3  
  12  6:27  Drone x2  
  12  6:28  Overlord  
  12  6:49  Drone x3, Queen  
  12  6:52  Drone, Extractor  
  12  6:53  Drone x3  
  12  6:54  Drone, Extractor  
  12  6:55  Drone x3  
  12  6:56  Drone x2  
  12  6:57  Overlord x2  
  12  6:59  Overlord  
  12  7:10  Queen  
  12  7:18  Grooved Spines  
  12  7:24  Drone  
  12  7:35  Roach x5  
  12  7:58  Hatchery  
Tags
 
League
Platinum
Race
Zerg
Replay Pack
SC2 replays
Add a new tag
Caveats
  • Supply blocks, unpowered buildings, or Contaminate may cause inaccurate times.
  • Supply counts are checked every 10 seconds.